 Dungeon Crawl Stone Soup version 0.30-a0-385-gfebfb9b408 (webtiles) character file.

Game seed: 17182336842699949462

171 flotson the Sneak (level 5, 0/41 HPs)
             Began as a Demonspawn Delver on Dec 3, 2022.
             Constricted to death by Natasha (4 damage)
             ... on level 3 of the Dungeon.
             The game lasted 00:04:54 (2143 turns).

flotson the Sneak (Demonspawn Delver)               Turns: 2143, Time: 00:04:58

Health: 0/41       AC:  9    Str: 14    XL:     5   Next: 26%
Magic:  5/5        EV:  2    Int: 11    God:
Gold:   117        SH: 11    Dex: 15    Spells: 4/4 levels left

rFire   . . .      SeeInvis +    a - +6 sling of Wyeffef {drain, rC+ SInv}
rCold   + . .      Faith    .    m - +0 tower shield
rNeg    . . .      Spirit   .    k - +0 scale mail
rPois   .          Reflect  .    f - +0 helmet
rElec   .          Harm     .    t - +1 cloak
rCorr   .          Rampage  .    (no gloves)
Will    .....                    (no boots)
Stlth   +.........               (no amulet)
HPRegen 0.26/turn                n - ring of see invisible
MPRegen 0.09/turn                (no ring)

@: grasped by roots, constricted
A: hooves 1, demonic guardian 1, powered by death 1
a: no special abilities


You were on level 3 of the Dungeon.
You visited 2 branches of the dungeon, and saw 6 of its levels.

You collected 133 gold pieces.
You spent 16 gold pieces at shops.

Inventory:

Hand Weapons
 a - the +6 sling of Wyeffef (weapon) {drain, rC+ SInv}
   (You found it on level 3 of the Dungeon)

   A truly terrible weapon, it drains the life of any living foe it strikes.
   rC:        It protects you from cold.
   SInv:      It lets you see invisible.
 l - a +0 trident
Missiles
 j - 2 atropa-tipped darts
Armour
 f - a +0 helmet (worn)
 k - a +0 scale mail (worn)
 m - a +0 tower shield (worn)
 t - a +1 cloak (worn)
Jewellery
 n - a ring of see invisible (left hand)
Wands
 g - a wand of digging (3)
 w - a wand of charming (8)
 x - a wand of light (6)
Scrolls
 c - a scroll of fog
 d - 2 scrolls of magic mapping
 h - 3 scrolls of teleportation {unknown}
 p - 4 scrolls of identify {unknown}
 r - a scroll of enchant weapon {unknown}
 s - 2 scrolls of butterflies {unknown}
 u - 2 scrolls of blinking {unknown}
 v - a scroll of immolation {unknown}
 y - a scroll of noise {unknown}
Potions
 b - 3 potions of attraction {unknown}
 e - a potion of resistance {unknown}
 i - 2 potions of brilliance {unknown}
 o - 3 potions of curing {unknown}
 q - 2 potions of lignification {unknown}
 z - a potion of ambrosia {unknown}


   Skills:
 + Level 3.6 Fighting
 + Level 2.5 Polearms
 + Level 0.0 Ranged Weapons
 + Level 1.6 Armour
 + Level 2.5 Dodging
 - Level 4.5 Stealth
 + Level 1.3 Shields
 + Level 2.0 Evocations


You had 4 spell levels left.
You didn't know any spells.
Your spell library contained the following spells:

 Spells                   Type           Power      Damage    Failure   Level
 Magic Dart               Conj           0%         1d3       100%        1
 Blink                    Tloc           0%         N/A       100%        2
 Searing Ray              Conj           0%         2d4       100%        2
 Fulminant Prism          Conj/Hex       0%         3d5       100%        4
 Manifold Assault         Tloc           0%         N/A       100%        4
 Storm Form               Tmut/Air       0%         N/A       100%        7


Dungeon Overview and Level Annotations

Branches:
Dungeon (5/15)             Temple (1/1) D:4

Altars:
Ashenzari
Dithmenos
Gozag
Okawaru
Qazlal
Ru
Trog
Uskayaw
Vehumet
Xom
Yredelemnul

Shops:
D:5 (

Annotations:
D:3 Natasha
D:4 Grinder


Innate Abilities, Weirdness & Mutations

You have large cloven feet.
A weak demonic guardian rushes to your aid.
You regenerate a little health from kills.


Message History

The crimson imp is heavily wounded.
Natasha claws you. The crimson imp hits you.
Natasha zaps a wand.
The roots erupt in riotous growth!
The grasping roots grab you!
The crimson imp is unaffected.
Natasha is unaffected.
Roots grab your iron imp.
The grasping roots constrict your iron imp.
The grasping roots constrict you.
Your iron imp misses Natasha.
You block the crimson imp's attack.
Unknown command.
Unknown command.
Unknown command.
Fire: a) +6 sling of Wyeffef {drain, rC+ SInv}
Press: ? - help, Q - select action, (/) - cycle Shift-Dir - straight line, f - Natasha, p - crimson imp
Aim: Natasha, carrying a wand of roots (4) (ally target, 58% to hit)
You shoot a sling bullet. The sling bullet hits Natasha!
Natasha is severely wounded.
You block Natasha's attack.
The grasping roots constrict your iron imp.
Your iron imp dies!
Your iron imp disappears in a puff of smoke!
The grasping roots constrict you. You block the crimson imp's attack.
Natasha claws you.
* * * LOW HITPOINT WARNING * * *
The grasping roots constrict you.
* * * LOW HITPOINT WARNING * * *
A demonic guardian appears!
The crimson imp blinks!
The grasping roots release their grip on you.
Fire: a) +6 sling of Wyeffef {drain, rC+ SInv}
Press: ? - help, Q - select action, (/) - cycle Shift-Dir - straight line, f/p - Natasha
Aim: Natasha, carrying a wand of roots (4) (severely wounded, 58% to hit)
You shoot a sling bullet.
The sling bullet closely misses Natasha.
Natasha barely misses you.
Natasha zaps a wand.
The roots erupt in riotous growth!
The grasping roots grab you! Roots grab your white imp.
Natasha is unaffected.
The grasping roots constrict your white imp.
The grasping roots constrict you.
You die...

#.##.##.# #... #.##.##.#
##.. ##^......#### ##.
#...........# #.
#.###.#..##.# #. #.
#..†....# ##. #.
###..##.######### #######..
#. #........5....#
#........ #.
#........h@.#.# #.#####..
#####.#####.#.#####.######.
#.# #.5.............. #.#
###.......#######
########.# ####)......#
.........##########.#####.#
########............# #.#
############## #.# #.####


You could see Natasha (ally target), a crimson imp (summoned) and a friendly
white imp (summoned, rooted).

Vanquished Creatures
  Natasha (D:3)
  7 adders
  A worm (D:2)
  6 dart slugs
  11 orcs
  3 bats
  An endoplasm (D:2)
  2 giant cockroaches
  7 goblins
  A hobgoblin (D:1)
  2 jackals (D:2)
  2 quokkas
  4 ball pythons
  A frilled lizard (D:3)
  4 kobolds
  3 rats
56 creatures vanquished.

Vanquished Creatures (others)
  An adder (D:3)
  A ball python (D:3)
2 creatures vanquished.

Grand Total: 58 creatures vanquished

Notes
Turn   | Place    | Note
-------+----------+-------------------------------------------
     0 | D:5      | flotson the Demonspawn Delver began the quest for the Orb.
     0 | D:5      | Reached XP level 1. HP: 18/18 MP: 1/1
    15 | D:5      | Bought 2 atropa-tipped darts for 16 gold pieces
    18 | D:5      | Noticed an iguana
    35 | D:4      | Gained mutation: You have large cloven feet. [demonic
                  | ancestry]
    35 | D:4      | Reached XP level 2. HP: 13/24 MP: 2/2
   275 | D:4      | Found a staircase to the Ecumenical Temple.
   283 | Temple   | Entered the Ecumenical Temple
   283 | Temple   | Found a transporter.
   283 | Temple   | Found a transporter.
   285 | Temple   | Found a transporter.
   285 | Temple   | Found a transporter.
   366 | D:4      | Reached skill level 1 in Evocations
   383 | D:4      | Reached XP level 3. HP: 29/29 MP: 3/3
   431 | D:4      | Noticed Grinder
   443 | D:4      | Reached skill level 1 in Armour
   455 | D:4      | Paralysed by Grinder for 3 turns
   457 | D:4      | HP: 1/29 [goblin/sling bullet (3)]
   476 | D:3      | Found a hide-covered altar of Uskayaw.
   476 | D:3      | Noticed a +0 hand axe
   477 | D:3      | Noticed a +0 hand axe
   663 | D:1      | Found a faded altar of an unknown god.
  1049 | D:1      | Gained mutation: You regenerate a little health from kills.
                  | [demonic ancestry]
  1049 | D:1      | Reached XP level 4. HP: 33/35 MP: 4/4
  1405 | D:2      | Reached skill level 1 in Shields
  1807 | D:3      | Noticed Natasha
  1818 | D:3      | Gained mutation: A weak demonic guardian rushes to your
                  | aid. [demonic ancestry]
  1818 | D:3      | Reached XP level 5. HP: 17/41 MP: 5/5
  1833 | D:3      | Killed Natasha
  1839 | D:3      | Identified the +6 sling of Wyeffef {drain, rC+ SInv}
  2135 | D:3      | Noticed Natasha
  2143 | D:3      | Constricted to death by Natasha

Illustrated notes

Levels and vault maps discovered:
D:1:      scummos_arrival_simple_crosswalls, layout_rooms,
          hellmonk_ecumenical_altar_run_dry
D:2:      layout_rooms, st_stairs_9
D:3:      layout_loops_ring, dancing_weapons_uskayaw, uniq_natasha
D:4:      layout_basic, overflow_temple_1_default,
          mainiacjoe_overflow_tiny_flanked, minmay_temple_entry_purple_smoke,
          uniq_grinder
D:5:      layout_cave_pools, bloody_makhleb,
          mainiacjoe_overflow_surrounded_room, mainiacjoe_overflow_boulevard,
          serial_shops, nicolae_stop_n_shop_1, corexii_leaking_fountain,
          grunt_ministairs_11, nicolae_stop_n_shop_1
Temple:   hellmonk_temple_divided_pantheon

Skill      XL: |  1  2  3  4  5 |
---------------+----------------+-----
Polearms       | 2 |  2.5
Dodging        | 2 |  2.5
Evocations     | 1 2 |  2.0
Armour         | 1 |  1.6
Shields        | 1 |  1.3
Fighting       | |  3.6
Stealth        | |  4.5

Action                   |  1- 3 |  4- 6 || total
-------------------------+-------+-------++-------
Melee: Spear             |    41 |       ||    41
       Kick              |    22 |    19 ||    41
       Trident           |    61 |    99 ||   160
 Fire: Sling             |       |     8 ||     8
Evoke: Wand              |       |     3 ||     3
  Use: Scroll            |     1 |       ||     1
       Potion            |     1 |       ||     1
 Stab: Sleeping          |     3 |     3 ||     6
       Distracted        |       |     1 ||     1
Armor: Leather armour    |     1 |       ||     1
       Scale mail        |    54 |    51 ||   105
Dodge: Dodged            |    39 |    17 ||    56
Block: Tower shield      |    41 |    89 ||   130

Table legend: (Time is in decaauts)
 A = Elapsed time spent in this place.
 B = Non-inter-level travel time spent in this place.
 C = Inter-level travel time spent in this place.
 D = Time resting spent in this place.
 E = Time spent auto-exploring this place.
 F = Levels seen in this place.
 G = Mean time per level.
                   A        B        C        D        E       F      G
               +--------+--------+--------+--------+--------+-----+--------+
         Total |   2235 |   2161 |     74 |    145 |   1351 |   6 |  372.5 |
       Dungeon |   2198 |   2124 |     74 |    145 |   1347 |   5 |  439.6 |
        Temple |     37 |     37 |      0 |      0 |      4 |   1 |   37.0 |
               +--------+--------+--------+--------+--------+-----+--------+

Top non-repeatable levels by time:
     D:3: 758 daAuts
     D:2: 551 daAuts
     D:1: 448 daAuts
     D:4: 360 daAuts
     D:5: 79 daAuts
  Temple: 37 daAuts
